Bulldogs vs Bruins

Created - Sunday, January 11, 2015 at 23:09

Goals
1 2 3 T
Bulldogs 1 0 1 2
Bruins 0 0 0 0
Shots
1 2 3 T
Bulldogs 8 5 11 24
Bruins 9 6 1 16

1st period

1. Bulldogs , Tim Kennedy 11 (Jean-Francois Jacques) at 16:14

Penalties :
Brandon Manning (Pro) for Fighting (Major) at 17:34, B.J. Crombeen (Ham) for Fighting (Major) at 17:34, B.J. Crombeen (Ham) for instigated a fight (Minor) at 17:34, B.J. Crombeen (Ham) for instigated a fight (10 Minutes Misconduct) at 17:34

2nd period

No Goal

Penalties :
Patrick Kaleta (Ham) for Roughing (Minor) at 18:36

3rd period

2. Bulldogs , Tim Kennedy 12 (Steven Kampfer, Jean-Francois Jacques) at 13:16

Penalties :
Dmitry Korobov (Pro) for Holding (Minor) at 8:57

Goalie Stats

Eric Hartzell (Ham), 16 saves from 16 shots - (1.000), W, 15-6-3, 60:00 minutes
Philipp Grubauer (Pro), 22 saves from 24 shots - (0.917), L, 21-3-6, 60:00 minutes

Players Stats for Bulldogs

Player Name              G  A  P  +/- PIM S  H  SB GA TA FO     MP     PP MP  PK MP  
------------------------------------------------------------------------------------
B.J. Crombeen            0  0  0   0  17  2  4  1  2  1  0/0    13:20   0:39   0:19 
Brandon Yip              0  0  0   2  0   2  4  1  2  2  0/0    23:14   1:19   1:55 
Chris Conner             0  0  0   0  0   0  0  1  1  0  0/0     4:51   0:00   0:20 
Cody McCormick           0  0  0   0  0   2  1  1  2  0  12/16  20:50   1:19   3:38 
Dalton Prout             0  0  0   0  0   0  1  0  0  0  0/0     2:50   0:00   0:04 
Jean-Francois Jacques    0  2  2   2  0   0  1  0  0  0  0/0    17:02   0:00   0:00 
Jordan Leopold           0  0  0   0  0   3  0  0  1  0  0/0    26:30   1:58   1:49 
Mark Olver               0  0  0   0  0   2  1  0  2  0  7/10   14:34   0:39   0:00 
Matt Hunwick             0  0  0   1  0   1  2  1  0  0  0/0    25:41   0:39   0:29 
Nathan Beaulieu          0  0  0   0  0   0  0  0  0  0  0/0     0:34   0:00   0:00 
Patrick Dwyer            0  0  0   0  0   3  1  0  5  0  0/1    16:40   1:19   0:00 
Patrick Kaleta           0  0  0   0  2   1  2  0  1  1  0/0    14:39   0:00   0:00 
Reece Scarlett           0  0  0   2  0   0  3  2  1  0  0/0    25:12   1:19   2:59 
Ryan Carter              0  0  0   0  0   4  0  3  0  0  0/0    20:41   0:39   0:00 
Ryan Whitney             0  0  0   0  0   1  2  2  0  0  0/0    13:10   0:00   1:04 
Steven Kampfer           0  1  1   1  0   1  1  0  0  6  0/0    25:59   0:00   1:31 
Tim Kennedy              2  0  2   2  0   2  1  0  3  0  0/1    16:11   0:00   1:44 
Trevor Smith             0  0  0   0  0   0  0  1  1  1  4/9    13:52   0:00   0:00 

Players Stats for Bruins

Player Name              G  A  P  +/- PIM S  H  SB GA TA FO     MP     PP MP  PK MP  
------------------------------------------------------------------------------------
Anton Lander             0  0  0   0  0   0  0  1  2  1  1/1     8:40   0:00   0:51 
Brandon Alderson         0  0  0  -1  0   0  2  0  0  0  0/0    17:18   0:00   0:00 
Brandon Manning          0  0  0  -1  5   1  1  0  0  0  0/0    22:31   0:50   0:29 
Buddy Robinson           0  0  0   0  0   0  0  0  0  0  0/0     2:07   0:00   0:00 
Conor Allen              0  0  0  -1  0   2  2  0  0  0  0/0    25:27   2:13   1:29 
Derek Dorsett            0  0  0   0  0   2  4  2  3  1  0/1    17:13   2:18   0:05 
Dmitry Korobov           0  0  0  -1  2   0  0  1  0  5  0/0    26:35   2:13   0:00 
Farm Player48            0  0  0   0  0   0  1  0  0  0  0/0    20:38   0:55   1:49 
Jake Newton              0  0  0   0  0   1  1  0  0  1  0/0     1:03   0:00   0:00 
Jim Slater               0  0  0  -1  0   3  1  0  2  1  1/1    18:02   0:00   0:00 
John Mitchell A          0  0  0   0  0   0  0  0  0  0  0/0     0:09   0:00   0:09 
Kael Mouillierat         0  0  0   0  0   1  0  1  3  1  9/16   16:11   2:18   0:00 
Magnus Nygren            0  0  0  -1  0   1  2  0  0  0  0/0    24:38   1:45   0:29 
Marc Hagel               0  0  0  -1  0   1  3  1  2  2  0/2    17:55   0:00   1:02 
Patrick Bordeleau        0  0  0   0  0   0  4  0  0  0  0/1    21:10   2:18   1:29 
Patrick Cehlin           0  0  0  -1  0   0  3  2  0  2  0/0    19:42   1:40   0:00 
Scott Timmins            0  0  0  -1  0   0  2  1  4  0  0/5    18:49   1:40   0:00 
Tim Sestito              0  0  0  -1  0   4  2  1  4  1  3/10   19:42   1:40   0:00 

3 Stars

1 - Tim Kennedy (Ham)
2 - Eric Hartzell (Ham)
3 - Jean-Francois Jacques (Ham)

Power Play

Bulldogs - 0 on 1 Attempt(s) - 0.00%
Bruins - 0 on 2 Attempt(s) - 0.00%

Penalty Kill

Bulldogs - 2 on 2 Attempt(s) - 100.00% - Score 0 goal in Penalty Kill
Bruins - 1 on 1 Attempt(s) - 100.00% - Score 0 goal in Penalty Kill

Team Stat

Bulldogs - Hits : 24 - Faceoff Wins : 23 - Blocked Shots : 13 - Penalty Minutes : 19
Bruins - Hits : 28 - Faceoff Wins : 14 - Blocked Shots : 10 - Penalty Minutes : 7

Official

Referees : Unknown
Linesman : Unknown

Game Notes

B.J. Crombeen beats up Brandon Manning at 17:34 of 1st period
Ryan Whitney is injured at 11:15 of 2nd period (Bruised Left Arm)
Derek Dorsett is injured at 9:03 of 3rd period (Strained Right Knee)

Finance

Level 1 -- Attendance: 1438 (71.90%) -- Ticket Income $50,330
Level 2 -- Attendance: 701 (70.10%) -- Ticket Income $10,515
Total Attendance: 2139 (71.30%)
Total Ticket Income: $60,845
Other Income: $29,814
Total Income: $90,659

Bulldogs

5 vs 5 Forward 
   Center                   Left Wing                Right Wing               Time % Phy DF OF 
 1 Cody McCormick           Patrick Dwyer            Brandon Yip              35     1   2  2  
 2 Mark Olver               Ryan Carter              B.J. Crombeen            30     1   2  2  
 3 Tim Kennedy              Jean-Francois Jacques    Brandon Yip              22     1   2  2  
 4 Trevor Smith             Ryan Carter              Patrick Kaleta           13     1   2  2  

5 vs 5 Defense 
   Defense                  Defense                                           Time % Phy DF OF 
 1 Jordan Leopold           Ryan Whitney                                      35     1   2  2  
 2 Steven Kampfer           Matt Hunwick                                      30     1   2  2  
 3 Reece Scarlett           Matt Hunwick                                      22     1   2  2  
 4 Steven Kampfer           Ryan Whitney                                      13     1   2  2  

PowerPlay Forward 
   Center                   Left Wing                Right Wing               Time % Phy DF OF 
 1 Cody McCormick           Patrick Dwyer            Brandon Yip              60     1   2  2  
 2 Mark Olver               Ryan Carter              B.J. Crombeen            40     1   2  2  

PowerPlay Defense
   Defense                  Defense                                           Time % Phy DF OF 
 1 Jordan Leopold           Ryan Whitney                                      60     1   2  2  
 2 Steven Kampfer           Reece Scarlett                                    40     1   2  2  

Penalty Kill 4 Players Forward 
   Center                   Wing                     Time % Phy DF OF 
 1 Cody McCormick           Brandon Yip              60     1   2  2  
 2 Ryan Carter              B.J. Crombeen            40     1   2  2  

Penalty Kill 4 Players Defense
   Defense                  Defense                  Time % Phy DF OF 
 1 Reece Scarlett           Ryan Whitney             60     1   2  2  
 2 Steven Kampfer           Jordan Leopold           40     1   2  2  

Penalty Kill - 3 Players Forward 
   Forward                                           Time % Phy DF OF 
 1 B.J. Crombeen                                     60     1   2  2  
 2 Cody McCormick                                    40     1   2  2  

Penalty Kill - 3 Players Defense
   Defense                  Defense                  Time % Phy DF OF 
 1 Reece Scarlett           Ryan Whitney             60     1   2  2  
 2 Steven Kampfer           Jordan Leopold           40     1   2  2  

4 vs 4 Forward 
   Center                   Wing                     Time % Phy DF OF 
 1 Cody McCormick           Brandon Yip              60     1   2  2  
 2 Ryan Carter              B.J. Crombeen            40     1   2  2  

4 vs 4 Defense
   Defense                  Defense                  Time % Phy DF OF 
 1 Jordan Leopold           Ryan Whitney             60     1   2  2  
 2 Steven Kampfer           Reece Scarlett           40     1   2  2  

Last Minutes Offensive
   Center                   Left Wing                Right Wing               Defense                  Defense                  
   Cody McCormick           Patrick Dwyer            B.J. Crombeen            Jordan Leopold           Ryan Whitney             

Last Minutes Defensive
   Center                   Left Wing                Right Wing               Defense                  Defense                  
   Cody McCormick           Patrick Dwyer            B.J. Crombeen            Jordan Leopold           Ryan Whitney             

Goaltenders
Starting : Eric Hartzell            
Backup : Jeff Zatkoff             

Extra Forwards
Normal : Jean-Francois Jacques, Brandon Yip, Tim Kennedy - PP : Jean-Francois Jacques, Brandon Yip - PK : Tim Kennedy
Extra Defensemen
Normal : Reece Scarlett, Ryan Whitney, Steven Kampfer - PP : Reece Scarlett - PK : Ryan Whitney, Steven Kampfer
Penalty Shots
Brandon Yip, Jean-Francois Jacques, Ryan Carter, B.J. Crombeen, Cody McCormick

Bruins

5 vs 5 Forward 
   Center                   Left Wing                Right Wing               Time % Phy DF OF 
 1 Kael Mouillierat         Patrick Bordeleau        Derek Dorsett            35     1   2  2  
 2 Tim Sestito              Jim Slater               Patrick Cehlin           30     1   2  2  
 3 Scott Timmins            Marc Hagel               Brandon Alderson         22     1   2  2  
 4 Derek Dorsett            Anton Lander             Patrick Bordeleau        13     1   2  2  

5 vs 5 Defense 
   Defense                  Defense                                           Time % Phy DF OF 
 1 Dmitry Korobov           Conor Allen                                       35     1   2  2  
 2 Brandon Manning          Magnus Nygren                                     30     1   2  2  
 3 Farm Player48            Dmitry Korobov                                    22     1   2  2  
 4 Conor Allen              Dmitry Korobov                                    13     1   2  2  

PowerPlay Forward 
   Center                   Left Wing                Right Wing               Time % Phy DF OF 
 1 Kael Mouillierat         Patrick Bordeleau        Derek Dorsett            60     1   2  2  
 2 Tim Sestito              Scott Timmins            Patrick Cehlin           40     1   2  2  

PowerPlay Defense
   Defense                  Defense                                           Time % Phy DF OF 
 1 Dmitry Korobov           Conor Allen                                       60     1   2  2  
 2 Brandon Manning          Magnus Nygren                                     40     1   2  2  

Penalty Kill 4 Players Forward 
   Center                   Wing                     Time % Phy DF OF 
 1 Derek Dorsett            Patrick Bordeleau        60     1   2  2  
 2 Kael Mouillierat         Tim Sestito              40     1   2  2  

Penalty Kill 4 Players Defense
   Defense                  Defense                  Time % Phy DF OF 
 1 Dmitry Korobov           Conor Allen              60     1   2  2  
 2 Brandon Manning          Magnus Nygren            40     1   2  2  

Penalty Kill - 3 Players Forward 
   Forward                                           Time % Phy DF OF 
 1 Derek Dorsett                                     60     1   2  2  
 2 Patrick Bordeleau                                 40     1   2  2  

Penalty Kill - 3 Players Defense
   Defense                  Defense                  Time % Phy DF OF 
 1 Dmitry Korobov           Conor Allen              60     1   2  2  
 2 Brandon Manning          Magnus Nygren            40     1   2  2  

4 vs 4 Forward 
   Center                   Wing                     Time % Phy DF OF 
 1 Derek Dorsett            Patrick Bordeleau        60     1   2  2  
 2 Kael Mouillierat         Tim Sestito              40     1   2  2  

4 vs 4 Defense
   Defense                  Defense                  Time % Phy DF OF 
 1 Dmitry Korobov           Conor Allen              60     1   2  2  
 2 Brandon Manning          Magnus Nygren            40     1   2  2  

Last Minutes Offensive
   Center                   Left Wing                Right Wing               Defense                  Defense                  
   Kael Mouillierat         Patrick Bordeleau        Derek Dorsett            Dmitry Korobov           Conor Allen              

Last Minutes Defensive
   Center                   Left Wing                Right Wing               Defense                  Defense                  
   Kael Mouillierat         Patrick Bordeleau        Derek Dorsett            Dmitry Korobov           Conor Allen              

Goaltenders
Starting : Philipp Grubauer         
Backup : Andrey Makarov           

Extra Forwards
Normal : Scott Timmins, Brandon Alderson, Marc Hagel - PP : Scott Timmins, Brandon Alderson - PK : Marc Hagel
Extra Defensemen
Normal : Farm Player48, Dmitry Korobov, Conor Allen - PP : Farm Player48 - PK : Conor Allen, Dmitry Korobov
Penalty Shots
Derek Dorsett, Patrick Bordeleau, Kael Mouillierat, Tim Sestito, Scott Timmins

% Time on Ice - Bulldogs

Lines # - Real PCT - Wanted PCT - Time Play
Normal Forward
1 - 29% - 35% - 15:53
2 - 26% - 30% - 13:56
3 - 19% - 22% - 10:22
4 - 26% - 13% - 13:52
Normal Defense
1 - 38% - 35% - 20:44
2 - 17% - 30% - 9:19
3 - 19% - 22% - 10:19
4 - 25% - 13% - 13:41
PP Forward
1 - 67% - 60% - 1:20
2 - 33% - 40% - 0:39
PP Defense
1 - 100% - 60% - 1:59
2 - 0% - 40% - 0:00
PK Forward
1 - 100% - 60% - 3:58
2 - 0% - 40% - 0:00
PK Defense
1 - 77% - 60% - 3:03
2 - 23% - 40% - 0:55
PK3 Forward
1 - 0% - 60%
2 - 0% - 40%
PK3 Defense
1 - 0% - 60%
2 - 0% - 40%
44 Forward
1 - 0% - 60%
2 - 0% - 40%
44 Defense
1 - 0% - 60%
2 - 0% - 40%
Last Minute Offensive  - 0:00
Last Minute Defensive  - 0:00
Total
Forward - 60:00
Defense - 60:00

% Time on Ice - Bruins

Lines # - Real PCT - Wanted PCT - Time Play
Normal Forward
1 - 26% - 35% - 14:04
2 - 33% - 30% - 18:02
3 - 28% - 22% - 15:12
4 - 12% - 13% - 6:45
Normal Defense
1 - 31% - 35% - 16:36
2 - 42% - 30% - 22:53
3 - 21% - 22% - 11:23
4 - 6% - 13% - 3:11
PP Forward
1 - 58% - 60% - 2:18
2 - 42% - 40% - 1:40
PP Defense
1 - 56% - 60% - 2:13
2 - 44% - 40% - 1:45
PK Forward
1 - 100% - 60% - 1:59
2 - 0% - 40% - 0:00
PK Defense
1 - 76% - 60% - 1:30
2 - 24% - 40% - 0:29
PK3 Forward
1 - 0% - 60%
2 - 0% - 40%
PK3 Defense
1 - 0% - 60%
2 - 0% - 40%
44 Forward
1 - 0% - 60%
2 - 0% - 40%
44 Defense
1 - 0% - 60%
2 - 0% - 40%
Last Minute Offensive  - 0:00
Last Minute Defensive  - 0:00
Total
Forward - 60:00
Defense - 60:00

Play by Play

1st period


0:01 of 1st period - Kael Mouillierat wins face-off versus Cody McCormick in neutral zone.
0:30 of 1st period - Snap shot by Cody McCormick.
0:30 of 1st period - Shot Misses the Net.
0:32 of 1st period - Slapshot by Ryan Whitney.
0:32 of 1st period - Shot Blocked by Derek Dorsett.
0:34 of 1st period - Slapshot by Jordan Leopold.
0:34 of 1st period - Stopped by Philipp Grubauer with a rebound.
0:46 of 1st period - Wrist shot by B.J. Crombeen.
0:46 of 1st period - Shot Blocked by Dmitry Korobov.
0:48 of 1st period - Snap shot by Mark Olver.
0:48 of 1st period - Shot Misses the Net.
0:50 of 1st period - Wrist shot by Ryan Carter.
0:50 of 1st period - Stopped by Philipp Grubauer without a rebound.
0:51 of 1st period - Mark Olver wins face-off versus Tim Sestito in Bruins zone.
1:16 of 1st period - Magnus Nygren is hit by B.J. Crombeen and loses puck.
1:48 of 1st period - Reece Scarlett is hit by Scott Timmins and loses puck.
2:25 of 1st period - Brandon Alderson is hit by Patrick Kaleta and loses puck.
2:52 of 1st period - Cody McCormick is hit by Marc Hagel and loses puck.
3:04 of 1st period - Brandon Alderson is hit by Brandon Yip.
3:33 of 1st period - Anton Lander is hit by Matt Hunwick and loses puck.
3:48 of 1st period - Wrist shot by Derek Dorsett.
3:48 of 1st period - Shot Blocked by Reece Scarlett.
3:50 of 1st period - Slapshot by Brandon Manning.
3:50 of 1st period - Shot Misses the Net.
3:52 of 1st period - Wrist shot by Magnus Nygren.
3:52 of 1st period - Shot Blocked by Reece Scarlett.
4:00 of 1st period - Snap shot by Derek Dorsett.
4:00 of 1st period - Shot Blocked by Trevor Smith.
4:27 of 1st period - Snap shot by Jim Slater.
4:27 of 1st period - Shot Misses the Net.
4:29 of 1st period - Wrist shot by Jim Slater.
4:29 of 1st period - Stopped by Eric Hartzell with a rebound.
4:31 of 1st period - Wrist shot by Brandon Manning.
4:31 of 1st period - Stopped by Eric Hartzell with a rebound.
4:33 of 1st period - Slapshot by Brandon Manning.
4:33 of 1st period - Shot Blocked by Ryan Whitney.
4:35 of 1st period - Snap shot by Tim Sestito.
4:35 of 1st period - Shot Misses the Net.
4:43 of 1st period - Wrist shot by Jim Slater.
4:43 of 1st period - Stopped by Eric Hartzell with a rebound.
4:45 of 1st period - Snap shot by Tim Sestito.
4:45 of 1st period - Stopped by Eric Hartzell with a rebound.
5:21 of 1st period - Snap shot by Cody McCormick.
5:21 of 1st period - Deflect By B.J. Crombeen.
5:21 of 1st period - Shot Blocked by Patrick Cehlin.
5:21 of 1st period - Puck is out of play.
5:22 of 1st period - Cody McCormick wins face-off versus Tim Sestito in Bruins zone.
5:23 of 1st period - Snap shot by Patrick Dwyer.
5:23 of 1st period - Stopped by Philipp Grubauer with a rebound.
5:25 of 1st period - Slapshot by Ryan Whitney.
5:25 of 1st period - Stopped by Philipp Grubauer without a rebound.
5:26 of 1st period - Cody McCormick wins face-off versus Tim Sestito in Bruins zone.
5:35 of 1st period - Wrist shot by Cody McCormick.
5:35 of 1st period - Shot Misses the Net.
5:51 of 1st period - Slapshot by B.J. Crombeen.
5:51 of 1st period - Shot Misses the Net.
5:53 of 1st period - Slapshot by Ryan Whitney.
5:53 of 1st period - Shot Blocked by Tim Sestito.
5:57 of 1st period - Snap shot by Cody McCormick.
5:57 of 1st period - Stopped by Philipp Grubauer with a rebound.
5:59 of 1st period - Slapshot by B.J. Crombeen.
5:59 of 1st period - Shot Misses the Net.
6:13 of 1st period - Tim Sestito is hit by B.J. Crombeen and loses puck.
6:24 of 1st period - Wrist shot by Mark Olver.
6:24 of 1st period - Stopped by Philipp Grubauer with a rebound.
6:26 of 1st period - Slapshot by Matt Hunwick.
6:26 of 1st period - Stopped by Philipp Grubauer with a rebound.
6:44 of 1st period - Magnus Nygren is hit by Reece Scarlett and loses puck.
8:28 of 1st period - Conor Allen is hit by Patrick Dwyer.
8:54 of 1st period - Patrick Dwyer is hit by Conor Allen and loses puck.
9:13 of 1st period - Slapshot by Trevor Smith.
9:13 of 1st period - Shot Blocked by Marc Hagel.
9:15 of 1st period - Snap shot by Tim Kennedy.
9:15 of 1st period - Shot Misses the Net.
9:17 of 1st period - Slapshot by Patrick Kaleta.
9:17 of 1st period - Deflect By Trevor Smith.
9:17 of 1st period - Shot Misses the Net.
9:17 of 1st period - Puck is out of play.
9:18 of 1st period - Kael Mouillierat wins face-off versus Trevor Smith in Bruins zone.
9:20 of 1st period - Icing by Anton Lander.
9:21 of 1st period - Trevor Smith wins face-off versus Kael Mouillierat in Bruins zone.
9:58 of 1st period - Tim Sestito is hit by B.J. Crombeen and loses puck.
11:09 of 1st period - Snap shot by Cody McCormick.
11:09 of 1st period - Shot Misses the Net.
11:11 of 1st period - Snap shot by Brandon Yip.
11:11 of 1st period - Shot Misses the Net.
11:15 of 1st period - Snap shot by Cody McCormick.
11:15 of 1st period - Deflect By Patrick Dwyer.
11:15 of 1st period - Shot Misses the Net.
11:15 of 1st period - Puck is out of play.
11:16 of 1st period - Kael Mouillierat wins face-off versus Cody McCormick in Bruins zone.
11:31 of 1st period - Wrist shot by Derek Dorsett.
11:31 of 1st period - Stopped by Eric Hartzell with a rebound.
11:33 of 1st period - Slapshot by Conor Allen.
11:33 of 1st period - Stopped by Eric Hartzell with a rebound.
11:35 of 1st period - Slapshot by Conor Allen.
11:35 of 1st period - Shot Blocked by B.J. Crombeen.
13:30 of 1st period - Wrist shot by Mark Olver.
13:30 of 1st period - Shot Misses the Net.
13:32 of 1st period - Slapshot by Ryan Whitney.
13:32 of 1st period - Shot Misses the Net.
13:34 of 1st period - Snap shot by Mark Olver.
13:34 of 1st period - Shot Misses the Net.
13:36 of 1st period - Wrist shot by Mark Olver.
13:36 of 1st period - Deflect By Ryan Carter.
13:36 of 1st period - Shot Misses the Net.
13:36 of 1st period - Puck is out of play.
13:37 of 1st period - Mark Olver wins face-off versus Scott Timmins in Bruins zone.
14:02 of 1st period - Snap shot by Patrick Dwyer.
14:02 of 1st period - Shot Blocked by Anton Lander.
14:12 of 1st period - Anton Lander is hit by B.J. Crombeen and loses puck.
14:44 of 1st period - Wrist shot by Scott Timmins.
14:44 of 1st period - Shot Blocked by Ryan Carter.
14:46 of 1st period - Wrist shot by Marc Hagel.
14:46 of 1st period - Shot Misses the Net.
15:05 of 1st period - Backhand shot by Tim Sestito.
15:05 of 1st period - Stopped by Eric Hartzell with a rebound.
15:07 of 1st period - Slapshot by Jake Newton.
15:07 of 1st period - Stopped by Eric Hartzell with a rebound.
15:11 of 1st period - Snap shot by Jim Slater.
15:11 of 1st period - Shot Misses the Net.
15:13 of 1st period - Wrist shot by Jim Slater.
15:13 of 1st period - Stopped by Eric Hartzell with a rebound.
15:15 of 1st period - Slapshot by Jake Newton.
15:15 of 1st period - Shot Misses the Net.
16:05 of 1st period - Reece Scarlett is hit by Marc Hagel and loses puck.
16:14 of 1st period - Slapshot by Tim Kennedy.
16:14 of 1st period - Goal by Tim Kennedy - Bulldogs : 1 - Bruins : 0.
16:15 of 1st period - Cody McCormick wins face-off versus Patrick Bordeleau in neutral zone.
16:22 of 1st period - Wrist shot by Cody McCormick.
16:22 of 1st period - Shot Blocked by Kael Mouillierat.
16:33 of 1st period - Snap shot by Derek Dorsett.
16:33 of 1st period - Deflect By Kael Mouillierat.
16:33 of 1st period - Shot Misses the Net.
16:33 of 1st period - Puck is out of play.
16:34 of 1st period - Kael Mouillierat wins face-off versus Patrick Dwyer in Bulldogs zone.
16:45 of 1st period - Jim Slater is hit by Cody McCormick and loses puck.
17:21 of 1st period - Icing by Marc Hagel.
17:22 of 1st period - Mark Olver wins face-off versus Scott Timmins in Bruins zone.
17:34 of 1st period - B.J. Crombeen beats up Brandon Manning.
17:34 of 1st period - Penalty to Brandon Manning for Fighting.
17:34 of 1st period - Penalty to B.J. Crombeen for Fighting.
17:34 of 1st period - Penalty to B.J. Crombeen for instigated a fight.
17:34 of 1st period - Penalty to B.J. Crombeen for instigated a fight.
17:35 of 1st period - Kael Mouillierat wins face-off versus Cody McCormick in Bruins zone.
18:13 of 1st period - Ryan Whitney is hit by Tim Sestito and loses puck.
18:26 of 1st period - Cody McCormick is hit by Farm Player48 and loses puck.
18:38 of 1st period - Icing by Derek Dorsett.
18:39 of 1st period - Cody McCormick wins face-off versus Kael Mouillierat in Bruins zone.
18:46 of 1st period - Wrist shot by Tim Kennedy.
18:46 of 1st period - Shot Misses the Net.
19:34 of 1st period - Penalty to B.J. Crombeen is over, Chris Conner is send on ice.
19:51 of 1st period - Ryan Carter is hit by Marc Hagel and loses puck.
Goals for this period are 1 for Bulldogs vs 0 for Bruins.
Shots for this period are 8 for Bulldogs vs 9 for Bruins.

2nd period


0:01 of 2nd period - Mark Olver wins face-off versus Kael Mouillierat in neutral zone.
0:37 of 2nd period - Icing by Mark Olver.
0:38 of 2nd period - Tim Sestito wins face-off versus Mark Olver in Bulldogs zone.
0:49 of 2nd period - Snap shot by Tim Sestito.
0:49 of 2nd period - Stopped by Eric Hartzell with a rebound.
0:51 of 2nd period - Slapshot by Magnus Nygren.
0:51 of 2nd period - Stopped by Eric Hartzell without a rebound.
0:52 of 2nd period - Cody McCormick wins face-off versus Tim Sestito in Bulldogs zone.
2:01 of 2nd period - Wrist shot by Ryan Carter.
2:01 of 2nd period - Stopped by Philipp Grubauer with a rebound.
2:20 of 2nd period - Slapshot by Kael Mouillierat.
2:20 of 2nd period - Stopped by Eric Hartzell with a rebound.
2:26 of 2nd period - Kael Mouillierat is hit by Brandon Yip and loses puck.
2:47 of 2nd period - Wrist shot by Derek Dorsett.
2:47 of 2nd period - Stopped by Eric Hartzell with a rebound.
2:49 of 2nd period - Slapshot by Conor Allen.
2:49 of 2nd period - Shot Misses the Net.
3:40 of 2nd period - Matt Hunwick is hit by Patrick Bordeleau and loses puck.
4:36 of 2nd period - Ryan Whitney is hit by Derek Dorsett and loses puck.
4:43 of 2nd period - Jordan Leopold is hit by Derek Dorsett and loses puck.
5:05 of 2nd period - Slapshot by Ryan Carter.
5:05 of 2nd period - Stopped by Philipp Grubauer with a rebound.
5:07 of 2nd period - Slapshot by Steven Kampfer.
5:07 of 2nd period - Deflect By Jim Slater.
5:07 of 2nd period - Stopped by Philipp Grubauer with a rebound.
5:24 of 2nd period - Patrick Cehlin is hit by Brandon Yip and loses puck.
5:48 of 2nd period - Brandon Alderson is hit by Patrick Kaleta and loses puck.
6:16 of 2nd period - Slapshot by Conor Allen.
6:16 of 2nd period - Shot Misses the Net.
6:18 of 2nd period - Snap shot by Farm Player48.
6:18 of 2nd period - Shot Misses the Net.
6:20 of 2nd period - Wrist shot by Anton Lander.
6:20 of 2nd period - Shot Blocked by Ryan Carter.
6:22 of 2nd period - Snap shot by Anton Lander.
6:22 of 2nd period - Shot Blocked by Matt Hunwick.
6:47 of 2nd period - Marc Hagel is hit by Ryan Whitney and loses puck.
7:33 of 2nd period - Off-side.
7:34 of 2nd period - Cody McCormick wins face-off versus Kael Mouillierat in neutral zone.
7:43 of 2nd period - Slapshot by Derek Dorsett.
7:43 of 2nd period - Shot Misses the Net.
7:57 of 2nd period - Jordan Leopold is hit by Patrick Cehlin and loses puck.
8:06 of 2nd period - Steven Kampfer is hit by Jim Slater and loses puck.
8:31 of 2nd period - Kael Mouillierat is hit by Ryan Whitney and loses puck.
8:49 of 2nd period - Icing by Patrick Dwyer.
8:50 of 2nd period - Trevor Smith wins face-off versus Tim Sestito in Bulldogs zone.
8:50 of 2nd period - Trevor Smith is hit by Jake Newton.
9:00 of 2nd period - Matt Hunwick is hit by Patrick Cehlin and loses puck.
10:42 of 2nd period - Trevor Smith is hit by Brandon Alderson and loses puck.
11:09 of 2nd period - Wrist shot by Conor Allen.
11:09 of 2nd period - Stopped by Eric Hartzell with a rebound.
11:11 of 2nd period - Slapshot by Dmitry Korobov.
11:11 of 2nd period - Shot Blocked by Chris Conner.
11:15 of 2nd period - Snap shot by Buddy Robinson.
11:15 of 2nd period - Shot Blocked by Ryan Whitney.
11:15 of 2nd period - Ryan Whitney from Bulldogs is injured at 11:15 of 2nd period (Bruised Left Arm).
11:16 of 2nd period - Cody McCormick wins face-off versus Kael Mouillierat in Bulldogs zone.
11:53 of 2nd period - Slapshot by Patrick Dwyer.
11:53 of 2nd period - Shot Misses the Net.
12:06 of 2nd period - Icing by Patrick Cehlin.
12:07 of 2nd period - Mark Olver wins face-off versus Tim Sestito in Bruins zone.
12:30 of 2nd period - Wrist shot by Jordan Leopold.
12:30 of 2nd period - Shot Blocked by Patrick Cehlin.
12:34 of 2nd period - 10 Minutes Misconduct Penalty to B.J. Crombeen is over.
12:38 of 2nd period - Jordan Leopold is hit by Conor Allen and loses puck.
13:25 of 2nd period - Icing by Marc Hagel.
13:26 of 2nd period - Trevor Smith wins face-off versus Scott Timmins in Bruins zone.
13:29 of 2nd period - Snap shot by Patrick Kaleta.
13:29 of 2nd period - Stopped by Philipp Grubauer without a rebound.
13:30 of 2nd period - Kael Mouillierat wins face-off versus Trevor Smith in Bruins zone.
14:09 of 2nd period - Matt Hunwick is hit by Derek Dorsett and loses puck.
15:29 of 2nd period - B.J. Crombeen is hit by Brandon Alderson and loses puck.
16:05 of 2nd period - Wrist shot by Cody McCormick.
16:05 of 2nd period - Deflect By Patrick Dwyer.
16:05 of 2nd period - Stopped by Philipp Grubauer with a rebound.
16:28 of 2nd period - Icing by Conor Allen.
16:29 of 2nd period - Trevor Smith wins face-off versus Tim Sestito in Bruins zone.
16:36 of 2nd period - Snap shot by Jim Slater.
16:36 of 2nd period - Shot Misses the Net.
17:15 of 2nd period - Wrist shot by Marc Hagel.
17:15 of 2nd period - Stopped by Eric Hartzell with a rebound.
17:23 of 2nd period - Scott Timmins is hit by Steven Kampfer and loses puck.
17:54 of 2nd period - Kael Mouillierat is hit by Mark Olver.
18:02 of 2nd period - Wrist shot by Chris Conner.
18:02 of 2nd period - Shot Misses the Net.
18:04 of 2nd period - Wrist shot by Chris Conner.
18:04 of 2nd period - Deflect By B.J. Crombeen.
18:04 of 2nd period - Deflect By Kael Mouillierat.
18:04 of 2nd period - Shot Hit the Post.
18:04 of 2nd period - Puck is out of play.
18:05 of 2nd period - Tim Sestito wins face-off versus Trevor Smith in Bruins zone.
18:36 of 2nd period - Minor Penalty to Patrick Kaleta for Roughing.
18:37 of 2nd period - Kael Mouillierat wins face-off versus Cody McCormick in Bulldogs zone.
18:44 of 2nd period - Slapshot by Kael Mouillierat.
18:44 of 2nd period - Shot Blocked by Brandon Yip.
19:14 of 2nd period - Snap shot by Patrick Cehlin.
19:14 of 2nd period - Shot Misses the Net.
19:28 of 2nd period - Patrick Cehlin is hit by Reece Scarlett and loses puck.
Goals for this period are 0 for Bulldogs vs 0 for Bruins.
Shots for this period are 5 for Bulldogs vs 6 for Bruins.

3rd period


0:01 of 3rd period - Cody McCormick wins face-off versus Kael Mouillierat in neutral zone.
0:32 of 3rd period - Cody McCormick is hit by Derek Dorsett.
0:36 of 3rd period - Penalty to Patrick Kaleta is over, Patrick Kaleta is back on ice.
0:36 of 3rd period - Wrist shot by Derek Dorsett.
0:36 of 3rd period - Shot Misses the Net.
1:01 of 3rd period - Wrist shot by Tim Sestito.
1:01 of 3rd period - Stopped by Eric Hartzell without a rebound.
1:02 of 3rd period - Mark Olver wins face-off versus Scott Timmins in Bulldogs zone.
1:04 of 3rd period - Icing by Jordan Leopold.
1:05 of 3rd period - Mark Olver wins face-off versus Scott Timmins in Bulldogs zone.
1:12 of 3rd period - Slapshot by Jordan Leopold.
1:12 of 3rd period - Shot Blocked by Scott Timmins.
1:20 of 3rd period - Snap shot by B.J. Crombeen.
1:20 of 3rd period - Stopped by Philipp Grubauer with a rebound.
1:22 of 3rd period - Snap shot by Ryan Carter.
1:22 of 3rd period - Shot Misses the Net.
1:24 of 3rd period - Slapshot by Jordan Leopold.
1:24 of 3rd period - Shot Misses the Net.
1:26 of 3rd period - Slapshot by Jordan Leopold.
1:26 of 3rd period - Shot Misses the Net.
1:38 of 3rd period - Slapshot by Mark Olver.
1:38 of 3rd period - Stopped by Philipp Grubauer with a rebound.
1:56 of 3rd period - Matt Hunwick is hit by Magnus Nygren and loses puck.
2:41 of 3rd period - Slapshot by Jordan Leopold.
2:41 of 3rd period - Stopped by Philipp Grubauer with a rebound.
2:56 of 3rd period - Icing by Trevor Smith.
2:57 of 3rd period - Anton Lander wins face-off versus Trevor Smith in Bulldogs zone.
4:19 of 3rd period - Off-side.
4:20 of 3rd period - Jim Slater wins face-off versus Mark Olver in neutral zone.
4:45 of 3rd period - Patrick Dwyer is hit by Tim Sestito.
5:39 of 3rd period - Patrick Kaleta is hit by Magnus Nygren.
7:27 of 3rd period - Anton Lander is hit by Reece Scarlett.
7:42 of 3rd period - Icing by Tim Kennedy.
7:43 of 3rd period - Tim Sestito wins face-off versus Tim Kennedy in Bulldogs zone.
8:55 of 3rd period - Wrist shot by B.J. Crombeen.
8:55 of 3rd period - Stopped by Philipp Grubauer with a rebound.
8:57 of 3rd period - Minor Penalty to Dmitry Korobov for Holding.
8:58 of 3rd period - Cody McCormick wins face-off versus Derek Dorsett in Bruins zone.
9:03 of 3rd period - Slapshot by Patrick Dwyer.
9:03 of 3rd period - Shot Blocked by Derek Dorsett.
9:03 of 3rd period - Derek Dorsett from Bruins is injured at 9:03 of 3rd period (Strained Right Knee).
9:04 of 3rd period - Cody McCormick wins face-off versus Marc Hagel in Bruins zone.
9:07 of 3rd period - Snap shot by Cody McCormick.
9:07 of 3rd period - Deflect By Brandon Yip.
9:07 of 3rd period - Stopped by Philipp Grubauer without a rebound.
9:08 of 3rd period - Cody McCormick wins face-off versus Marc Hagel in Bruins zone.
10:22 of 3rd period - Jordan Leopold is hit by Patrick Bordeleau.
10:57 of 3rd period - Penalty to Dmitry Korobov is over, Dmitry Korobov is back on ice.
10:57 of 3rd period - Anton Lander is hit by Matt Hunwick and loses puck.
11:35 of 3rd period - Snap shot by Tim Sestito.
11:35 of 3rd period - Shot Blocked by Ryan Carter.
11:59 of 3rd period - Jean-Francois Jacques is hit by Scott Timmins.
12:09 of 3rd period - Dmitry Korobov is hit by Tim Kennedy.
12:29 of 3rd period - Wrist shot by B.J. Crombeen.
12:29 of 3rd period - Deflect By Ryan Carter.
12:29 of 3rd period - Stopped by Philipp Grubauer with a rebound.
12:31 of 3rd period - Slapshot by Jordan Leopold.
12:31 of 3rd period - Stopped by Philipp Grubauer without a rebound.
12:32 of 3rd period - Kael Mouillierat wins face-off versus Mark Olver in Bruins zone.
13:16 of 3rd period - Snap shot by Tim Kennedy.
13:16 of 3rd period - Deflect By Tim Sestito.
13:16 of 3rd period - Goal by Tim Kennedy - Bulldogs : 2 - Bruins : 0.
13:17 of 3rd period - Cody McCormick wins face-off versus Kael Mouillierat in neutral zone.
13:48 of 3rd period - Jim Slater is hit by Brandon Yip and loses puck.
13:55 of 3rd period - Snap shot by Brandon Yip.
13:55 of 3rd period - Stopped by Philipp Grubauer with a rebound.
14:16 of 3rd period - B.J. Crombeen is hit by Patrick Cehlin and loses puck.
14:41 of 3rd period - Patrick Cehlin is hit by Jean-Francois Jacques.
15:02 of 3rd period - Slapshot by Brandon Manning.
15:02 of 3rd period - Deflect By Kael Mouillierat.
15:02 of 3rd period - Shot Blocked by Cody McCormick.
15:02 of 3rd period - Puck is out of play.
15:03 of 3rd period - Kael Mouillierat wins face-off versus Trevor Smith in Bulldogs zone.
15:32 of 3rd period - Ryan Carter is hit by Brandon Manning and loses puck.
16:15 of 3rd period - Snap shot by Anton Lander.
16:15 of 3rd period - Shot Misses the Net.
16:31 of 3rd period - B.J. Crombeen is hit by Patrick Bordeleau and loses puck.
16:40 of 3rd period - Patrick Dwyer is hit by Patrick Bordeleau and loses puck.
17:14 of 3rd period - Slapshot by Tim Kennedy.
17:14 of 3rd period - Shot Hit the Post.
17:54 of 3rd period - Conor Allen is hit by Dalton Prout and loses puck.
18:03 of 3rd period - Wrist shot by Cody McCormick.
18:03 of 3rd period - Stopped by Philipp Grubauer with a rebound.
19:12 of 3rd period - Slapshot by Patrick Dwyer.
19:12 of 3rd period - Stopped by Philipp Grubauer with a rebound.
Goals for this period are 1 for Bulldogs vs 0 for Bruins.
Shots for this period are 11 for Bulldogs vs 1 for Bruins.


Output by the SimonT Hockey Simulator (STHS) for Eric Dolegowski -- Original Page W3C XHTML 1.0 Valid
Hockey Simulator - Hockey Simulation - Hockey Manager